 Dungeon Crawl Stone Soup version 0.30-b1-2-g02819fbbbe (webtiles) character file.

Game seed: 14671212420424368697

2657 Flugkiller the Magician (level 9, -11/66 HPs)
             Began as a Djinni Warper on May 14, 2023.
             Was an Initiate of Ru.
             Mangled by an orc warrior
             ... wielding a +0 hand axe
              (14 damage)
             ... on level 8 of the Dungeon.
             The game lasted 00:17:21 (8789 turns).

Flugkiller the Magician (Djinni Warper)             Turns: 8789, Time: 00:17:21

Health: -11/66     AC:  4    Str: 10    XL:     9   Next: 94%
Gold:   426        EV: 14    Int: 18    God:    Ru [......] SH:  0 Dex: 14

rFire   + + +        i - +6 rapier "Faceuteth" {freeze, Contam rF+ rCorr SInv}
rCold   + . .        (no shield)
rNeg    . . .        h - +0 robe {Archmagi}
rPois   ∞            e - +0 helmet
rElec   .            f - scarf {rC+ rF+}
rCorr   +            n - +0 pair of gloves
SInv    +            (boots unavailable)
Will    .....        (no amulet)
Stlth   +            p - ring of protection from cold
HPRegen 0.31/turn    (no ring)
MPRegen 0.00/turn

%: archmagi, infuse magic (-12 HP)
@: flying, very slightly contaminated, studying Unarmed Combat
A: sickness immunity, fire resistance 2, cold vulnerability 1, float, innate
caster, HP casting, extra vitality 1
a: Renounce Religion


You were on level 8 of the Dungeon.
You worshipped Ru.
Ru was noncommittal.
You visited 2 branches of the dungeon, and saw 9 of its levels.
You also visited: Sewer.

You collected 426 gold pieces.

Inventory:

Hand Weapons
 a - a +0 falchion
 c - a +0 dagger
   (You took it off a goblin on level 1 of the Dungeon)
 i - the +6 rapier "Faceuteth" (weapon) {freeze, Contam rF+ rCorr SInv}
   (You found it on level 2 of the Dungeon)

   rF:        It protects you from fire.
   SInv:      It lets you see invisible.
   Contam:    It causes magical contamination when unequipped.
   rCorr:     It protects you from acid and corrosion.
Missiles
 d - 7 boomerangs of dispersal (quivered)
 g - 45 poisoned darts
 k - a curare-tipped dart
 m - 6 javelins
 o - a throwing net
Armour
 e - a +0 helmet (worn)
   (You found it on level 1 of the Dungeon)
 f - a scarf of resistance (worn)
   (You found it on level 4 of the Dungeon)
 h - a +0 robe of the Archmagi (worn)
   (You took it off Blork the orc on level 4 of the Dungeon)
 n - a +0 pair of gloves (worn)
   (You found it on level 4 of the Dungeon)
Jewellery
 j - a +4 ring of slaying
   (You found it on level 6 of the Dungeon)
 p - a ring of protection from cold (left hand)
   (You found it on level 6 of the Dungeon)
Wands
 b - a wand of paralysis (11)
   (You took it off Ijyb on level 4 of the Dungeon)
 l - a wand of roots (3)
   (You found it on level 5 of the Dungeon)
Scrolls
 z - 2 scrolls of blinking


   Skills:
 + Level 5.7 Fighting
 + Level 5.3(5.5) Short Blades
 - Level 1.7(3.8) Long Blades
 - Level 0.7 Throwing
 - Level 1.0 Armour
 + Level 5.3 Dodging
 - Level 6.0 Spellcasting
 + Level 5.0 Evocations


You knew the following spells:

 Your Spells              Type           Power      Damage    Failure   Level
a - Lesser Beckoning      Tloc           80%        N/A       1%          2
b - Vhi's Electric Charg  Tloc/Air       80%        N/A       3%          3
c - Teleport Other        Tloc           40%        N/A       3%          3
d - Manifold Assault      Tloc           40%        N/A       10%         4
e - Beastly Appendage     Tmut           80%        N/A       1%          1
f - Ensorcelled Hibernat  Hex/Ice        80%        N/A       1%          2
g - Tukima's Dance        Hex            40%        N/A       3%          3
h - Iskenderun's Mystic   Conj/Tloc      40%        2d9       10%         4
r - Blink                 Tloc           80%        N/A       1%          2
Your spell library was empty.

Dungeon Overview and Level Annotations

Branches:
Dungeon (8/15) Zot: 26140  Temple (1/1) D:6 Zot: 5901   Sewer (visited)
   Lair: D:8-11

Altars:
Cheibriados
Elyvilon
Fedhas
Hepliaklqana
Makhleb
Nemelex Xobeh
Okawaru
Qazlal
Ru
Uskayaw
Yredelemnul
Zin

Shops:
D:1 [   D:4 !   D:5 =   D:6 *


Innate Abilities, Weirdness & Mutations

You are immune to sickness and miasma.
You are immune to poison.
Your flesh is very heat resistant. (rF++)
You are vulnerable to cold. (rC-)
You float through the air rather than walking.
You learn spells naturally, not from books.
Your magical power is your life essence.
You have superior vitality. (+4 MHP)


Message History

The white imp is heavily wounded.
The white imp gestures at you. The puff of frost hits you. You resist.
You hit the white imp but do no damage.
The white imp is heavily wounded.
You barely miss the white imp.
The white imp is heavily wounded.
The white imp hits you but does no damage.
You puncture the white imp!
You kill the white imp!
No target in view!
You start resting.
HP restored.
As you open the gate, it creaks loudly!
An orc warrior, 3 orc priests and 5 orcs come into view.
The orc shouts!
The orc priest shouts! x2; The orc shouts! x3
The orc warrior shouts!
The orc shouts!
The orc priest shouts!
Found five items.
The orc priest casts a cantrip, but nothing happens.
The orc priest miscasts a cantrip.
The orc priest mumbles some strange prayers to Beogh against you.
Beogh smites you! The orc attacks as you move away!
The orc hits you with a +0 dagger.
There is an escape hatch in the ceiling here.
You hit the orc. You freeze the orc.
The orc is heavily wounded.
The orc barely misses you.
You closely miss the orc.
The orc is heavily wounded.
You puncture the orc! You freeze the orc.
You kill the orc!
The orc completely misses you.
You completely miss the orc. The orc barely misses you.
You hit the orc. You freeze the orc.
The orc is moderately wounded.
The orc barely misses you.
You hit the orc. You freeze the orc.
The orc is heavily wounded.
You barely miss the orc.
The orc is heavily wounded.
The orc barely misses you. The orc warrior barely misses you.
You hit the orc. You freeze the orc.
You kill the orc!
You hit the orc warrior. You freeze the orc warrior.
The orc warrior is lightly wounded.
The orc warrior closely misses you.
You puncture the orc warrior! You freeze the orc warrior.
The orc warrior is heavily wounded.
You hit the orc warrior. You freeze the orc warrior.
The orc warrior is heavily wounded.
The orc warrior hits you with a +0 hand axe!
The orc barely misses you.
You hit the orc warrior. You freeze the orc warrior.
The orc warrior is severely wounded.
The orc warrior hits you with a +0 hand axe.
The orc hits you but does no damage.
You hit the orc warrior but do no damage.
The orc warrior is severely wounded.
The orc warrior hits you with a +0 hand axe.
The orc barely misses you.
You closely miss the orc warrior.
The orc warrior is severely wounded.
The orc warrior hits you with a +0 hand axe!
The orc barely misses you.
You are too injured to fight recklessly!
You are too injured to fight recklessly!
You hit the orc warrior but do no damage.
The orc warrior is severely wounded.
The orc warrior barely misses you. The orc hits you but does no damage.
You barely miss the orc warrior.
The orc warrior is severely wounded.
The orc warrior hits you with a +0 hand axe!
The orc barely misses you.
You hit the orc warrior but do no damage.
The orc warrior is severely wounded.
The orc warrior hits you with a +0 hand axe!
* * * LOW HITPOINT WARNING * * *
The orc barely misses you. The orc attacks as you move away!
The orc barely misses you.
Casting: Vhi's Electric Charge (dangerous; 3% risk of failure)
Confirm with . or Enter, or press ? or * to list all spells.
You feel a surge of power!
You miscast Iskenderun's Mystic Blast.
You are very lightly contaminated with residual magic.
Nothing appears to happen.
* * * LOW HITPOINT WARNING * * *
The orc warrior hits you with a +0 hand axe!
* * * LOW HITPOINT WARNING * * *
Casting: Iskenderun's Mystic Blast (dangerous; 10% risk of failure)
Confirm with . or Enter, or press ? or * to list all spells.
You feel a surge of power!
You erupt in a blast of force!
The mystic blast hits the orc!
You kill the orc!
The mystic blast hits the orc!
You kill the orc!
The mystic blast hits the orc warrior but does no damage.
The orc warrior is severely wounded.
* * * LOW HITPOINT WARNING * * *
The orc warrior hits you with a +0 hand axe!
You die...

#≈#.$...#≈o#
#≈#######o.#
#≈~≈≈~≈~≈~.#
######.###.###.#
#
#........#...o.#
#
#.####.#.#.#####
#### #.# #.#.#o#
...# #.# #.#.#.#
##.######.#
#.#@#o#
#........#
#.#o#.#
##########
#..)o.#
###.######
#......#
######.# #.# #.#
#.#


You could see an orc warrior and an orc priest.

Vanquished Creatures
  Menkaure (D:7)
  A water moccasin (D:6)
  3 ice beasts
  3 ogres
  3 centaurs
  5 kobold brigands
  Blork the orc (D:4)
  A bullfrog (D:8)
  2 scorpions (D:6)
  5 wights
  An orc priest (D:4)
  3 hounds
  A gnoll bouda (D:8)
  2 sleepcaps (D:6)
  Ijyb (D:4)
  4 iguanas
  4 orc wizards
  9 gnolls
  6 adders
  2 river rats (Sewer)
  3 shadow imps
  2 white imps
  2 ufetubi
  8 worms
  A dart slug (D:3)
  22 orcs
  13 ball pythons
  6 bats (D:1)
  15 endoplasms
  5 giant cockroaches
  7 hobgoblins
  5 quokkas
  10 goblins
  20 kobolds
  15 rats
192 creatures vanquished.

Vanquished Creatures (others)
  A dancing weapon (D:5)
1 creature vanquished.

Grand Total: 193 creatures vanquished

Notes
Turn   | Place    | Note
-------+----------+-------------------------------------------
     0 | D:1      | Flugkiller the Djinni Warper began the quest for the Orb.
     0 | D:1      | Flugkiller set off with the following spells memorised:
                  | Blink, Lesser Beckoning, Vhi's Electric Charge, Teleport
                  | Other, Manifold Assault.
     0 | D:1      | Reached XP level 1. HP: 18/18 MP: 0/0
   123 | D:1      | Reached XP level 2. HP: 21/24 MP: 0/0
   366 | D:1      | Found Gufazaac's Antique Armour Emporium.
   535 | D:1      | Reached XP level 3. HP: 26/29 MP: 0/0
   535 | D:1      | Learned a level 1 spell: Beastly Appendage
   703 | D:1      | Reached skill level 3 in Spellcasting
  1210 | D:2      | Reached XP level 4. HP: 30/35 MP: 0/0
  1233 | D:2      | Identified the +6 rapier "Faceuteth" {freeze, Contam rF+
                  | rCorr SInv}
  1739 | D:3      | Found a glowing drain.
  1743 | Sewer    | Entered a sewer
  1779 | Sewer    | Noticed a kobold brigand
  1799 | Sewer    | Killed a kobold brigand
  1800 | Sewer    | Reached XP level 5. HP: 12/41 MP: 0/0
  1800 | Sewer    | Learned a level 2 spell: Ensorcelled Hibernation
  2044 | Sewer    | Noticed a kobold brigand
  2063 | Sewer    | Killed a kobold brigand
  2064 | Sewer    | Reached skill level 4 in Spellcasting
  2064 | Sewer    | Reached XP level 6. HP: 30/47 MP: 0/0
  2189 | Sewer    | Reached skill level 1 in Short Blades
  2447 | Sewer    | Reached XP level 7. HP: 49/52 MP: 0/0
  2447 | Sewer    | Learned a level 3 spell: Tukima's Dance
  3347 | D:4      | Noticed Blork the orc
  3548 | D:4      | Killed Blork the orc
  3747 | D:4      | Found Horroung's Distillery.
  3895 | D:4      | Noticed Ijyb
  3897 | D:4      | Killed Ijyb
  4173 | D:5      | Entered Level 5 of the Dungeon
  4293 | D:5      | Reached skill level 1 in Evocations
  4293 | D:5      | Reached XP level 8. HP: 37/58 MP: 0/0
  4449 | D:5      | Reached skill level 5 in Spellcasting
  4524 | D:5      | Found a blossoming altar of Fedhas.
  4526 | D:5      | Found a hide-covered altar of Uskayaw.
  5275 | D:5      | Found Waxzeemn's One-of-a-Kind Rings.
  5653 | D:6      | Found Uschiebb's Assorted Antiques.
  5698 | D:6      | Reached skill level 6 in Spellcasting
  5909 | D:6      | Reached XP level 9. HP: 60/62 MP: 0/0
  5909 | D:6      | Learned a level 4 spell: Iskenderun's Mystic Blast
  6328 | D:6      | Found a staircase to the Ecumenical Temple.
  6427 | D:7      | Noticed Menkaure
  6561 | Temple   | Entered the Ecumenical Temple
  6753 | D:7      | Killed Menkaure
  6982 | D:7      | Reached skill level 5 in Fighting
  7422 | D:7      | Found a sparkling altar of Nemelex Xobeh.
  7632 | D:7      | Reached skill level 5 in Short Blades
  7812 | D:7      | Found a white marble altar of Elyvilon.
  7882 | D:7      | Reached skill level 5 in Dodging
  8430 | D:8      | Found a sacrificial altar of Ru.
  8444 | D:8      | Became a worshipper of Ru the Awakened
  8555 | D:8      | Reached skill level 5 in Evocations
  8789 | D:8      | Mangled by an orc warrior

Illustrated notes

Levels and vault maps discovered:
D:1:      dpeg_arrival_subterranean_lakeside_camping, layout_basic,
          serial_shops, nicolae_shop_tiny_statue_garden,
          minmay_misc_feat_four_crosses, chequers_mini_garden,
          kennysheep_flooded_box
D:2:      layout_rooms
D:3:      layout_rooms, gup_sewer_entry_spiral
D:4:      layout_gridville, serial_shops, shop, uniq_blork_the_orc, uniq_ijyb
D:5:      layout_loops_corners, nicolae_overflow_squiral,
          nicolae_shop_unique_rings, grunt_ministairs_7, minmay_manual_mares
D:6:      layout_gridville, temple_hall, serial_shops,
          nicolae_shop_tiny_waterfront
D:7:      layout_rooms, nemelex_dance_club_becter, elyvilon_altar_5,
          uniq_menkaure
D:8:      layout_loops_ring, nicolae_ru_great_annihilating_truth,
          minmay_misc_feat_x, minmay_orc_keep
Temple:   nicolae_temple_two_arcs

Skill      XL: |  1  2  3  4  5  6  7  8  9 |
---------------+----------------------------+-----
Spellcasting   | 3 4 6 |  6.0
Fighting       | 3 4 5 |  5.7
Dodging        | 3 5 |  5.3
Short Blades   | 3 4 5 |  5.3
Evocations     | 1 3 5 |  5.0
Long Blades    | |  1.7
Throwing       | |  0.7
Armour         | |  1.0

Action                     |  1- 3 |  4- 6 |  7- 9 || total
---------------------------+-------+-------+-------++-------
  Melee: Falchion          |    20 |       |       ||    20
         Dagger            |   161 |       |       ||   161
         Punch             |     2 |     3 |     8 ||    13
         Headbutt          |    10 |    12 |    13 ||    35
         Rapier            |       |   113 |   331 ||   444
   Cast: Beastly Appendage |     8 |    12 |    11 ||    31
         Blink             |     2 |       |     2 ||     4
         Vhi's Electric Ch |       |     1 |    11 ||    12
         Ensorcelled Hiber |       |       |    10 ||    10
         Tukima's Dance    |       |       |     2 ||     2
         Teleport Other    |       |       |     1 ||     1
         Iskenderun's Myst |       |       |     3 ||     3
   Stab: Sleeping          |       |       |     6 ||     6
         Paralysed         |       |       |     1 ||     1
 Armour: Leather armour    |    58 |    13 |     6 ||    77
         Robe              |       |       |    40 ||    40
  Dodge: Dodged            |   119 |    53 |   187 ||   359
